 Dungeon Crawl Stone Soup version 0.30-a0-414-gcb316572d5 (webtiles) character file.

Game seed: 14169596017043004458

243 NinjaNoafa the Ruffian (level 5, 0/50 HPs)
             Began as a Troll Fighter on Dec 7, 2022.
             Slain by a gnoll bouda
             ... wielding a +0 whip
              (4 damage)
             ... on level 4 of the Dungeon.
             The game lasted 00:01:59 (2113 turns).

NinjaNoafa the Ruffian (Troll Fighter)              Turns: 2113, Time: 00:02:00

Health: 0/50       AC:  4    Str: 24    XL:     5   Next: 82%
Magic:  4/4        EV:  8    Int:  4    God:
Gold:   121        SH:  7    Dex: 11    Spells: 4/4 levels left

rFire   . . .      SeeInvis .      - Unarmed
rCold   . . .      Faith    .    b - +0 kite shield
rNeg    . . .      Spirit   .    a - +0 robe
rPois   +          Reflect  .    (helmet restricted)
rElec   .          Harm     .    (no cloak)
rCorr   .          Rampage  .    (gloves unavailable)
Will    .....                    (boots unavailable)
Stlth   +.........               (no amulet)
HPRegen 1.08/turn                n - ring of poison resistance
MPRegen 0.09/turn                (no ring)

@: mighty, weakened
A: large, unfitting armour, claws 3, regeneration 1, shaggy fur 1, tough skin 1
a: no special abilities


You were on level 4 of the Dungeon.
You visited 1 branch of the dungeon, and saw 4 of its levels.

You collected 121 gold pieces.

Inventory:

Missiles
 e - 37 stones (quivered)
 l - 2 throwing nets
 u - 7 poisoned darts
Armour
 a - a +0 robe (worn)
 b - a +0 kite shield (worn)
Jewellery
 n - a ring of poison resistance (left claw)
Scrolls
 f - 2 scrolls of identify {unknown}
 g - a scroll of fear {unknown}
 i - 2 scrolls of magic mapping {unknown}
 p - 2 scrolls of teleportation {unknown}
 q - a scroll of blinking {unknown}
 r - a scroll of vulnerability {unknown}
 s - a scroll of amnesia {unknown}
Potions
 d - 4 potions of curing {unknown}
 h - 2 potions of degeneration {unknown}
 j - a potion of resistance {unknown}
 k - a potion of mutation {unknown}
 m - 2 potions of heal wounds {unknown}
 o - a potion of magic {unknown}
 t - a potion of haste {unknown}


   Skills:
 - Level 2.4 Fighting
 - Level 2.4 Dodging
 - Level 2.6 Shields
 + Level 6.2 Unarmed Combat


You had 4 spell levels left.
You didn't know any spells.
Your spell library contained the following spells:

 Spells                   Type           Power      Damage    Failure   Level
 Foxfire                  Conj/Fire      0%         2x1d4     80%         1
 Magic Dart               Conj           0%         1d3       80%         1
 Cigotuvi's Dreadful Rot  Necr/Pois/Air  0%         N/A       91%         2
 Searing Ray              Conj           0%         2d4       91%         2
 Summon Guardian Golem    Hex/Summ       0%         N/A       99%         3
 Vhi's Electric Charge    Tloc/Air       0%         N/A       99%         3
 Flame Wave               Conj/Fire      0%         2d4       100%        4
 Fulminant Prism          Conj/Hex       0%         3d5       100%        4
 Fireball                 Conj/Fire      0%         3d3       100%        5
 Lightning Bolt           Conj/Air       0%         1d11      100%        5
 Starburst                Conj/Fire      0%         6d3       100%        6
 Orb of Destruction       Conj           0%         9d5       100%        7
 Spellforged Servitor     Conj/Summ      0%         N/A       100%        7


Dungeon Overview and Level Annotations

Branches:
Dungeon (4/15)
 Temple: D:4-7

Altars:
Xom

Shops:
D:1 (


Innate Abilities, Weirdness & Mutations

You are too large for most types of armour.
You have claws for hands.
Your natural rate of healing is unusually fast.
You are covered in fur. (AC +1)
You have tough skin. (AC +1)


Message History

The gnoll is healed somewhat.
You scratch the gnoll.
You kill the gnoll!
Your attacks no longer feel as feeble.
The gnoll hits you from afar with a +0 spear.
The gnoll hits you with a +0 club.
The gnoll bouda hits you with a +0 whip!
The gnoll bouda attacks as you move away!
The gnoll bouda hits you with a +0 whip!
You block the gnoll's attack. x2
The gnoll attacks as you move away! The gnoll hits you but does no damage.
The gnoll bouda gazes fiercely through you!
You feel your attacks grow feeble.
You claw the gnoll!
The gnoll is severely wounded.
The gnoll hits you with a +0 club. You block the gnoll's attack.
The gnoll bouda hits you with a +0 whip!
You claw the gnoll!
You kill the gnoll!
The gnoll hits you from afar with a +0 spear!
* * * LOW HITPOINT WARNING * * *
The gnoll bouda hits you with a +0 whip.
* * * LOW HITPOINT WARNING * * *
The gnoll bouda gazes fiercely through you!
You feel as though you will be weak longer.
You claw the gnoll bouda!
The gnoll bouda is moderately wounded.
The gnoll hits you from afar with a +0 spear.
* * * LOW HITPOINT WARNING * * *
You block the gnoll bouda's attack.
The gnoll bouda attacks as you move away!
The gnoll bouda barely misses you.
The gnoll bouda attacks as you move away!
The gnoll bouda closely misses you.
The gnoll is no longer moving quickly.
You feel very mighty all of a sudden.
The gnoll bouda hits you with a +0 whip.
* * * LOW HITPOINT WARNING * * *
The gnoll bouda attacks as you move away!
The gnoll bouda hits you with a +0 whip.
You die...

######## #......#
######## #......#
#......# #......#
#####......### #...[..#
#............###......#
#...........gg.).)....#
#..........@###.......#
#............###........
#####.....#...##......##
#####...........>.#
###..#..........
####....###...###
####.....>....#...
###.............#..
...................


You could see a gnoll bouda and a gnoll.

Vanquished Creatures
  A hound (D:4)
  A jelly (D:3)
  Natasha (thrice) (D:3)
  2 gnolls (D:4)
  4 adders
  A worm (D:3)
  3 dart slugs
  3 endoplasms
  A giant cockroach (D:2)
  8 goblins
  7 hobgoblins
  6 kobolds
  5 ball pythons
  6 bats
  3 frilled lizards
  2 rats
56 creatures vanquished.

Notes
Turn   | Place    | Note
-------+----------+-------------------------------------------
     0 | D:1      | NinjaNoafa the Troll Fighter began the quest for the Orb.
     0 | D:1      | Reached XP level 1. HP: 22/22 MP: 0/0
    45 | D:1      | Found Vehemo's Weapon Shop.
   120 | D:1      | Reached XP level 2. HP: 29/29 MP: 1/1
   365 | D:1      | Reached skill level 3 in Unarmed Combat
   923 | D:2      | Reached XP level 3. HP: 36/36 MP: 2/2
   923 | D:2      | Got the Lectures on Breezy Pyromania
   933 | D:2      | Found a shimmering altar of Xom.
  1343 | D:2      | Reached skill level 4 in Unarmed Combat
  1609 | D:3      | Reached XP level 4. HP: 43/44 MP: 3/3
  1745 | D:3      | Noticed Natasha
  1748 | D:3      | Killed Natasha
  1813 | D:3      | Noticed Natasha
  1818 | D:3      | Killed Natasha
  1819 | D:3      | Reached skill level 5 in Unarmed Combat
  1828 | D:3      | Found a faded altar of an unknown god.
  1834 | D:3      | Reached XP level 5. HP: 50/50 MP: 4/4
  1955 | D:3      | Noticed Natasha
  1959 | D:3      | Killed Natasha
  2077 | D:4      | Reached skill level 6 in Unarmed Combat
  2113 | D:4      | Slain by a gnoll bouda

Illustrated notes

Levels and vault maps discovered:
D:1:      minmay_arrival_stone_box, layout_basic, serial_shops,
          nicolae_shop_hallway_plus
D:2:      layout_loops_ring, basic_altar
D:3:      layout_basic, hellmonk_ecumenical_altar_crossroads, uniq_natasha
D:4:      layout_rooms, cheibrodos_sewer_entry_sluice, minmay_rat_hole,
          uniq_sigmund

Skill      XL: |  1  2  3  4  5 |
---------------+----------------+-----
Unarmed Combat | 3 4 5 6 |  6.2
Fighting       | |  2.4
Dodging        | |  2.4
Shields        | |  2.6

Action                   |  1- 3 |  4- 6 || total
-------------------------+-------+-------++-------
Melee: Unarmed           |    91 |    41 ||   132
  Use: Potion            |       |     1 ||     1
 Stab: Sleeping          |     1 |       ||     1
Armor: Robe              |    32 |    10 ||    42
Dodge: Dodged            |    31 |    23 ||    54
Block: Kite shield       |    27 |    19 ||    46

Table legend: (Time is in decaauts)
 A = Elapsed time spent in this place.
 B = Non-inter-level travel time spent in this place.
 C = Inter-level travel time spent in this place.
 D = Time resting spent in this place.
 E = Time spent auto-exploring this place.
 F = Levels seen in this place.
 G = Mean time per level.
                   A        B        C        D        E       F      G
               +--------+--------+--------+--------+--------+-----+--------+
         Total |   2120 |   2065 |     55 |     27 |   1680 |   4 |  530.0 |
       Dungeon |   2120 |   2065 |     55 |     27 |   1680 |   4 |  530.0 |
               +--------+--------+--------+--------+--------+-----+--------+

Top non-repeatable levels by time:
     D:1: 760 daAuts
     D:3: 678 daAuts
     D:2: 617 daAuts
     D:4: 63 daAuts
